 Dungeon Crawl Stone Soup version 0.31-a0-1059-g83d41fd8b6 (webtiles) character file.

Game seed: 944492044634605066

16035 kae the Slicer (level 12, 0/91 HPs)
             Began as a Demonspawn Enchanter on Nov 21, 2023.
             Was an Elder of Dithmenos.
             Slain by an eight-headed hydra (3 damage)
             ... on level 2 of the Lair of Beasts.
             The game lasted 00:15:02 (13814 turns).

kae the Slicer (Demonspawn Enchanter)              Turns: 13814, Time: 00:15:03

Health: 0/91       AC: 23    Str: 18    XL:     12   Next: 6%
Magic:  10/21      EV:  7    Int: 24    God:    Dithmenos [****..]
Gold:   469        SH: 11    Dex: 13    Spells: 1/23 levels left

rFire   x . .        h - +3 short sword (speed)
rCold   . . .        l - +1 buckler
rNeg    . . .        Z - +6 chain mail of Hadjma {rF- Str+5 Slay+2}
rPois   .            (helmet restricted)
rElec   .            m - +2 cloak
rCorr   .            (no gloves)
SInv    .            j - +2 pair of boots
Will    +....        D - amulet of reflection
Stlth   +            I - +6 ring of intelligence
HPRegen 0.35/turn    f - ring of willpower
MPRegen 0.17/turn

%: reflection
@: very slightly contaminated, wreathed by umbra
A: antennae 1, yellow scales 2, ignite blood 2, demonic magic 3
a: Renounce Religion, Shadow Step


You were on level 2 of the Lair of Beasts.
You worshipped Dithmenos.
Dithmenos was greatly pleased with you.
You visited 2 branches of the dungeon, and saw 13 of its levels.

You collected 655 gold pieces.
You spent 186 gold pieces at shops.


Innate Abilities, Weirdness & Mutations

You have a pair of small antennae on your head.
You are mostly covered in yellow scales. (AC +3)
Your demonic aura often causes spilled blood to erupt in flames.
Spells you cast and wands you use may paralyse nearby enemies.


   Skills:
 - Level 7.0 Fighting
 * Level 12.4 Short Blades
 - Level 1.7 Dodging
 - Level 7.0 Stealth
 - Level 5.0 Shields
 - Level 6.0 Spellcasting
 - Level 7.0 Hexes
 - Level 3.0 Ice Magic


You had one spell level left.
You knew the following spells:

 Your Spells              Type           Power      Damage    Failure   Level
a - Ensorcelled Hibernat  Hex/Ice        62%        N/A       22%         2
b - Confusing Touch       Hex            40%        N/A       19%         3
c - Tukima's Dance        Hex            40%        N/A       19%         3
d - Dazzling Flash        Conj/Hex       48%        N/A       61%         3
e - Cause Fear            Hex            20%        N/A       52%         4
f - Enfeeble              Hex            20%        N/A       100%        7

Your spell library contained the following spells:

 Spells                   Type           Power      Damage    Failure   Level
 Scorch                   Fire           14%        2d5       86%         2
 Anguish                  Hex/Necr       12%        N/A       95%         4
 Dimensional Bullseye     Hex/Tloc       12%        N/A       95%         4
 Stone Arrow              Conj/Erth      14%        3d7       97%         3
 Animate Armour           Summ/Erth      14%        N/A       100%        4
 Flame Wave               Conj/Fire      7%         2d5       100%        4
 Iskenderun's Mystic Bla  Conj/Tloc      7%         2d4       100%        4
 Passage of Golubria      Tloc           7%         N/A       100%        4
 Yara's Violent Unravell  Hex/Tmut       12%        3d7       100%        5
 Summon Cactus Giant      Summ           3%         N/A       100%        6
 Lehudib's Crystal Spear  Conj/Erth      3%         10d3      100%        8

Inventory:

Hand Weapons
 a - the +5 hand axe of the Brewing Pariah {flame, Int+2 Dex+2}
   (You found it on level 2 of the Dungeon)

   Int+2:     It affects your intelligence (+2).
   Dex+2:     It affects your dexterity (+2).
 h - a +3 short sword of speed (weapon)
   (You took it off a kobold brigand on level 10 of the Dungeon)
 k - a +0 vampiric dagger
   (You took it off a goblin on level 1 of the Dungeon)
 O - a +2 short sword of draining
   (You took it off a kobold brigand on level 8 of the Dungeon)
Armour
 j - a +2 pair of boots (worn)
   (You found it on level 1 of the Dungeon)
 l - a +1 buckler (worn)
   (You found it on level 1 of the Dungeon)
 m - a +2 cloak (worn)
   (You found it on level 2 of the Lair of Beasts)
 r - a +0 robe
 T - +2 acid dragon scales
   (You found it on level 8 of the Dungeon)
 Z - the +6 chain mail of Hadjma (worn) {rF- Str+5 Slay+2}
   (You found it on level 10 of the Dungeon)

   Str+5:     It affects your strength (+5).
   Slay+2:    It affects your accuracy & damage with ranged weapons and melee
   (+2).
   rF-:       It makes you vulnerable to fire.
Magical Staves
 u - a staff of conjuration {!a}
   (You found it on level 3 of the Dungeon)
Jewellery
 f - a ring of willpower (right hand)
   (You found it on level 1 of the Dungeon)
 q - a ring of willpower
   (You took it off a kobold on level 2 of the Dungeon)
 v - a ring of see invisible
   (You took it off a wight on level 9 of the Dungeon)
 C - a ring of ice
   (You found it on level 1 of the Dungeon)
 D - an amulet of reflection (around neck)
   (You found it on level 5 of the Dungeon)
 I - a +6 ring of intelligence (left hand)
   (You found it on level 2 of the Dungeon)
 L - a ring of flight
   (You found it on level 4 of the Dungeon)
 N - a ring of positive energy
   (You found it on level 1 of the Dungeon)
 P - a ring of poison resistance
   (You found it on level 6 of the Dungeon)
 R - a ring of resist corrosion
   (You took it off a wight on level 9 of the Dungeon)
 S - a +6 ring of strength
   (You found it on level 5 of the Dungeon)
 W - a ring of magical power
   (You found it on level 10 of the Dungeon)
Wands
 B - a wand of roots (24)
   (You found it on level 6 of the Dungeon)
 G - a wand of quicksilver (2)
   (You took it off an orc on level 6 of the Dungeon)
 M - a wand of paralysis (3)
   (You found it on level 7 of the Dungeon)
 Q - a wand of flame (31)
   (You found it on level 8 of the Dungeon)
Scrolls
 g - a scroll of fog
 n - a scroll of immolation {!r!r}
 w - 3 scrolls of vulnerability {!r!r}
 E - 2 scrolls of revelation
 K - 2 scrolls of fear
 X - a scroll of blinking {!r}
Potions
 c - 2 potions of invisibility
 d - a potion of ambrosia {unknown}
 i - 11 potions of curing {@q1}
 o - a potion of cancellation
 p - 3 potions of might
 s - a potion of haste {unknown}
 t - 2 potions of magic {unknown}
 A - a potion of enlightenment {unknown}
 H - 2 potions of attraction {!q}
 J - 2 potions of mutation {!q}
 U - a potion of resistance {unknown}
 Y - 2 potions of heal wounds {@q2}

Dungeon Overview and Level Annotations

Branches:
Dungeon (11/15) Zot: 26706  Temple (0/1) D:5            Lair (2/5) D:9 Zot: 10177
 Spider (0/4) Lair:2
  Swamp: Lair:2-3    Shoals: Lair:2-3       Orc: D:9-12

Altars:
Dithmenos
Fedhas
Gozag
Kikubaaqudgha
Nemelex Xobeh
Ru
Sif Muna
Trog
Wu Jian
Xom

Shops:
D:1 [   D:3 [   D:6 ?   D:9 [

Annotations:
D:6 Dowan, Duvessa
Lair:1 1 runed translucent door, MrCrawl's ghost, journeyman DrFE

..............### ####..#........
..............## #..#........
.P#P.P##.......## #..#........
..............#.# #..#........
................# #...........
........P......## ##..#........
P.............#######....+#.#.#P.
...)....#........#.###...........
##.P.P..#.......@D............##.
................ยง..............##
#.#P##........................#.#
######...>.P.#.....โ€
...........##
#.......#..###.............
#........##...##...........
#.......#...#...#..........
#.......#..###..#..........
#......#..#...#..#.........


You could see an eight-headed hydra (confused).


Message History

The eight-headed hydra barely misses you. x2
The eight-headed hydra bites you but does no damage. ๐Ÿ˜ฎ HP[-7] MP[-3]
You take 7 damage, and now have 47/91 hp.
You lost 3 mp, and now have 12/21 mp.
You hit the eight-headed hydra.
Unknown command.
Casting: Confusing Touch (dangerous; 19% risk of failure)
Confirm with . or Enter, or press ? or * to list all spells.
Your hands begin to glow red.
Malevolent energies surge around you. The eight-headed hydra bites you!
* * * LOW HITPOINT WARNING * * *
The eight-headed hydra barely misses you. x2
The eight-headed hydra bites you but does no damage. x2
You block the eight-headed hydra's attack.
The eight-headed hydra bites you but does no damage.
The eight-headed hydra bites you.
* * * LOW HITPOINT WARNING * * *
You block the eight-headed hydra's attack.
The eight-headed hydra bites you but does no damage.
You block the eight-headed hydra's attack.
The eight-headed hydra barely misses you.
The eight-headed hydra bites you.
* * * LOW HITPOINT WARNING * * *
The eight-headed hydra closely misses you.
The eight-headed hydra bites you but does no damage. x2 ๐Ÿ˜จ HP[-17] MP[-3]
You take 17 damage, and now have 30/91 hp.
You lost 3 mp, and now have 9/21 mp.
Unknown command.
You hit the eight-headed hydra but do no damage.
Your shadow barely misses the eight-headed hydra.
Unknown command.
You hit the eight-headed hydra but do no damage.
The eight-headed hydra bites you but does no damage.
You block the eight-headed hydra's attack. x2
The eight-headed hydra bites you but does no damage. x2
The eight-headed hydra barely misses you.
The eight-headed hydra bites you but does no damage.
The eight-headed hydra bites you.
* * * LOW HITPOINT WARNING * * *
๐Ÿ˜จ HP[-3]
You take 3 damage, and now have 27/91 hp.
You hit the eight-headed hydra but do no damage.
Unknown command.
You hit the eight-headed hydra but do no damage.
Your shadow hits the eight-headed hydra with a short sword.
You block the eight-headed hydra's attack.
The eight-headed hydra bites you but does no damage.
The eight-headed hydra closely misses you.
The eight-headed hydra bites you.
* * * LOW HITPOINT WARNING * * *
The eight-headed hydra bites you!
* * * LOW HITPOINT WARNING * * *
The eight-headed hydra bites you but does no damage.
The eight-headed hydra bites you.
* * * LOW HITPOINT WARNING * * *
The eight-headed hydra bites you but does no damage. ๐Ÿ˜ฑ HP[-16] MP[+1]
You take 16 damage, and now have 11/91 hp.
You hit the eight-headed hydra but do no damage.
Unknown command.
You barely miss the eight-headed hydra. ๐Ÿ˜ฑ HP[+1]
You hit the eight-headed hydra but do no damage.
You block the eight-headed hydra's attack.
The eight-headed hydra bites you but does no damage. x3
You block the eight-headed hydra's attack.
The eight-headed hydra bites you.
* * * LOW HITPOINT WARNING * * *
The eight-headed hydra bites you but does no damage. x2 ๐Ÿ˜ฑ HP[-2]
You take 2 damage, and now have 10/91 hp.
You hit the eight-headed hydra but do no damage.
You hit the eight-headed hydra but do no damage.
The eight-headed hydra appears confused.
The eight-headed hydra bites you.
* * * LOW HITPOINT WARNING * * *
You block the eight-headed hydra's attack. x2
The eight-headed hydra bites you but does no damage.
The eight-headed hydra bites you.
* * * LOW HITPOINT WARNING * * *
The eight-headed hydra bites you but does no damage.
The eight-headed hydra barely misses you.
The eight-headed hydra bites you but does no damage. ๐Ÿ˜ฑ HP[-8]
You take 8 damage, and now have 2/91 hp.
Unknown command.
You puncture the eight-headed hydra!
Your shadow hits the eight-headed hydra with a short sword.
Unknown command.
There is a stone staircase leading up here. ๐Ÿ˜ฑ HP[+1]
You hit the eight-headed hydra.
You catch the helpless eight-headed hydra completely off-guard!
You puncture the eight-headed hydra!
You block the eight-headed hydra's attack.
The eight-headed hydra bites you but does no damage. x4
The eight-headed hydra bites you.
You die...

Skill      XL: |  1  2  3  4  5  6  7  8  9 10 11 |
---------------+----------------------------------+-----
Short Blades   | 1 2 3 4 5 7 9 12 | 12.4
Stealth        | 3 4 5 6 7 |  7.0
Shields        | 1 2 3 5 |  5.0
Ice Magic      | 1 2 3 |  3.0
Spellcasting   | 3 4 5 6 |  6.0
Hexes          | 4 5 6 7 |  7.0
Fighting       | 4 7 |  7.0
Dodging        | |  1.7

Action                     |  1- 3 |  4- 6 |  7- 9 | 10-12 || total
---------------------------+-------+-------+-------+-------++-------
  Melee: Dagger            |   130 |     5 |   222 |   219 ||   576
         Hand axe          |       |    85 |    65 |       ||   150
         Short sword       |       |       |       |   222 ||   222
   Cast: Ensorcelled Hiber |     7 |     6 |    46 |    75 ||   134
         Confusing Touch   |       |       |    12 |    10 ||    22
  Evoke: Wand              |       |       |     4 |     1 ||     5
    Use: Scroll            |     1 |     3 |     9 |    15 ||    28
         Potion            |       |       |       |     3 ||     3
   Stab: Sleeping          |    15 |    11 |    36 |    47 ||   109
         Paralysed         |     2 |     1 |    27 |    40 ||    70
         Confused          |       |       |    10 |     5 ||    15
         Invisible         |       |       |       |     6 ||     6
 Armour: Robe              |    51 |    52 |   136 |       ||   239
         Acid dragon scale |       |       |    16 |    87 ||   103
         Chain mail        |       |       |       |   139 ||   139
  Dodge: Dodged            |    70 |    59 |   127 |   114 ||   370
  Block: Buckler           |     8 |    20 |    84 |   162 ||   274
         Reflection        |       |       |       |     5 ||     5

Levels and vault maps discovered:
D:1:      minmay_arrival_shattered_statue, layout_loops_cross, serial_shops,
          nicolae_shop_dealshenge, minmay_misc_feat_encased
D:2:      layout_basic, shapermc_ecumenical_altar_pompeii, kennysheep_path_1,
          minmay_quantized
D:3:      layout_loops_cross, serial_shops, shop, minmay_shallow_snake_nest
D:4:      layout_cave_pools, grunt_dithmenos_smoke_and_mirrors
D:5:      layout_rooms, minmay_temple_entry_proselytizer
D:6:      layout_basic, serial_shops, shop_fountains, uniq_duvessa
D:7:      layout_basic, minmay_strange_pillars
D:8:      layout_loops_ring, grunt_temple_overflow_opulence
D:9:      layout_roguey [special_room_orc], mainiacjoe_overflow_alcove_1,
          dpeg_lair_monsters, kennysheep_cross_room, minivault_23, minivault_26,
          nicolae_shop_dragon_depot
D:10:     layout_basic, nicolae_overflow_hallway_of_the_gods, minivault_5,
          fungi_pond_lemuel
D:11:     layout_gridville, hangedman_decor_opposing, uniq_josephine,
          uniq_harold
Lair:1:   layout_cave_pods, ebering_ghost_funeral_grove, uniq_maggie,
          uniq_nergalle, uniq_grum
Lair:2:   lemuel_reptile_caves, layout_chaotic_city,
          hellmonk_spider_entry_not_the_bees

Notes
Turn   | Place    | Note
-------+----------+-------------------------------------------
     0 | D:1      | kae the Demonspawn Enchanter began the quest for the Orb.
     0 | D:1      | Reached XP level 1. HP: 13/13 MP: 3/3
     0 | D:1      | magus.rc [v1.11.3]
     7 | D:1      | Reached skill level 1 in Short Blades
    52 | D:1      | Found Pono's Antique Armour Emporium.
   165 | D:1      | Gained mutation: Spells you cast may paralyse adjacent
                  | enemies. [demonic ancestry]
   165 | D:1      | Reached XP level 2. HP: 19/19 MP: 5/5
   209 | D:1      | Learned a level 2 spell: Ensorcelled Hibernation
   466 | D:1      | HP: 4/19 [constriction (1)]
   730 | D:1      | Reached skill level 3 in Stealth
   814 | D:1      | Gained mutation: Spells you cast may paralyse nearby
                  | enemies. [demonic ancestry]
   814 | D:1      | Reached XP level 3. HP: 24/24 MP: 6/6
  1122 | D:2      | HP: 2/24 [worm (10)]
  1231 | D:2      | Reached skill level 2 in Short Blades
  1439 | D:2      | Gained mutation: You are partially covered in yellow
                  | scales. (AC +2) [demonic ancestry]
  1439 | D:2      | Reached XP level 4. HP: 30/30 MP: 7/7
  1440 | D:2      | Identified the +5 hand axe of the Brewing Pariah {flame,
                  | Int+2 Dex+2}
  1665 | D:2      | Found a faded altar of an unknown god.
  2166 | D:3      | HP: 6/30 [poisoned by an adder]
  2498 | D:3      | Found Ogor's Armour Shoppe.
  2652 | D:4      | Reached skill level 1 in Shields
  2652 | D:4      | Reached XP level 5. HP: 35/35 MP: 8/8
  2684 | D:4      | Noticed an ogre
  2856 | D:4      | Reached skill level 1 in Ice Magic
  3043 | D:4      | Found a shadowy altar of Dithmenos.
  3196 | D:4      | Killed an ogre
  3197 | D:4      | Reached skill level 3 in Short Blades
  3197 | D:4      | Reached XP level 6. HP: 27/41 MP: 7/10
  3238 | D:5      | Entered Level 5 of the Dungeon
  3260 | D:5      | Reached skill level 3 in Spellcasting
  3266 | D:4      | HP: 5/41 [black bear (10)]
  3415 | D:5      | Reached skill level 4 in Hexes
  3475 | D:5      | Reached skill level 4 in Stealth
  3475 | D:5      | Reached skill level 2 in Shields
  3475 | D:5      | Gained mutation: You are mostly covered in yellow scales.
                  | (AC +3) [demonic ancestry]
  3475 | D:5      | Reached XP level 7. HP: 46/46 MP: 8/11
  3582 | D:5      | Reached skill level 2 in Ice Magic
  3596 | D:4      | HP: 11/46 [ufetubus (4)]
  3604 | D:4      | HP: 7/46 [ufetubus (2)]
  3604 | D:4      | HP: 3/46 [ufetubus (4)]
  3624 | D:4      | Became a worshipper of Dithmenos the Shadowed
  3779 | D:4      | Reached skill level 4 in Short Blades
  4159 | D:4      | Learned a level 3 spell: Confusing Touch
  4163 | D:4      | Learned a level 3 spell: Tukima's Dance
  4167 | D:4      | Learned a level 3 spell: Dazzling Flash
  4200 | D:5      | You pick up a book of Scorching and begin reading...
  4200 | D:5      | You add the spells Scorch, Flame Wave and Summon Cactus
                  | Giant to your library.
  4374 | D:5      | Found a staircase to the Ecumenical Temple.
  4705 | D:6      | Gained mutation: You have a pair of small antennae on your
                  | head. [demonic ancestry]
  4705 | D:6      | Reached XP level 8. HP: 32/52 MP: 10/13
  4793 | D:6      | Noticed Duvessa
  4793 | D:6      | Noticed Dowan
  4892 | D:6      | Found Ucenowno's Magic Scroll Shop.
  4901 | D:6      | Bought a scroll of revelation for 82 gold pieces
  4901 | D:6      | Bought a scroll of enchant weapon for 82 gold pieces
  4901 | D:6      | Bought a scroll of identify for 22 gold pieces
  4958 | D:6      | Reached skill level 3 in Shields
  5059 | D:6      | Reached skill level 4 in Spellcasting
  5068 | D:6      | Reached skill level 5 in Short Blades
  5201 | D:6      | Reached skill level 3 in Ice Magic
  5217 | D:6      | Reached skill level 5 in Stealth
  5217 | D:6      | Reached skill level 5 in Hexes
  5353 | D:6      | Identified the +0 falchion of Resumed Hostilities {drain,
                  | rC- rN+ rCorr MP+9}
  5791 | D:7      | Reached * piety under Dithmenos
  5867 | D:7      | Reached XP level 9. HP: 57/57 MP: 15/15
  6117 | D:7      | You pick up a book of Weapons and begin reading...
  6117 | D:7      | You add the spells Dimensional Bullseye and Iskenderun's
                  | Mystic Blast to your library.
  6207 | D:7      | Reached skill level 6 in Short Blades
  6207 | D:7      | Reached skill level 4 in Shields
  6654 | D:8      | You pick up a book of Armaments and begin reading...
  6654 | D:8      | You add the spells Stone Arrow, Animate Armour and
                  | Lehudib's Crystal Spear to your library.
  6838 | D:8      | Found an opulent altar of Gozag.
  6839 | D:8      | Found a sparkling altar of Nemelex Xobeh.
  7011 | D:8      | Noticed a two-headed ogre
  7019 | D:8      | Killed a two-headed ogre
  7020 | D:8      | Reached skill level 7 in Short Blades
  7020 | D:8      | Reached skill level 6 in Stealth
  7020 | D:8      | Reached skill level 5 in Spellcasting
  7020 | D:8      | Reached skill level 6 in Hexes
  7045 | D:8      | HP: 10/50 [kobold brigand/+2 short sword of draining (4)]
  7056 | D:8      | HP: 10/52 [kobold/+0 club (1)]
  7517 | D:8      | You add the spells Passage of Golubria and Yara's Violent
                  | Unravelling to your library.
  7753 | D:9      | Reached skill level 5 in Shields
  7792 | D:9      | Found a staircase to the Lair.
  7794 | D:9      | Noticed a death yak
  7795 | D:9      | Noticed a death yak
  7797 | D:9      | Noticed a death yak
  8455 | D:9      | HP: 13/53 [death yak (24)]
  8456 | D:9      | Killed a death yak
  8457 | D:9      | Gained mutation: Your demonic aura sometimes causes spilled
                  | blood to erupt in flames. [demonic ancestry]
  8457 | D:9      | Reached XP level 10. HP: 15/63 MP: 15/18
  9124 | D:9      | HP: 2/63 [death yak (16)]
  9437 | D:9      | Found Erlang's Dragon-Slaying Spoils.
  9582 | D:9      | Reached ** piety under Dithmenos
  9596 | D:9      | Reached skill level 1 in Fighting
  9784 | D:9      | Reached skill level 8 in Short Blades
  9793 | D:9      | HP: 1/65 [death yak (21)]
 10028 | D:9      | Reached skill level 7 in Stealth
 10030 | D:9      | Reached skill level 2 in Fighting
 10030 | D:9      | Reached skill level 6 in Spellcasting
 10031 | D:9      | Reached skill level 7 in Hexes
 10178 | D:9      | Found a shimmering blue altar of Sif Muna.
 10301 | D:9      | Reached skill level 3 in Fighting
 10591 | D:10     | Entered Level 10 of the Dungeon
 10901 | D:10     | Reached skill level 9 in Short Blades
 10926 | D:10     | Reached *** piety under Dithmenos
 11043 | D:10     | Found an ornate altar of the Wu Jian Council.
 11048 | D:10     | Found an ancient bone altar of Kikubaaqudgha.
 11050 | D:10     | Found a bloodstained altar of Trog.
 11052 | D:10     | Found a blossoming altar of Fedhas.
 11052 | D:10     | Found a sacrificial altar of Ru.
 11059 | D:10     | Found a shimmering altar of Xom.
 11221 | D:10     | Reached skill level 4 in Fighting
 11225 | D:10     | Gained mutation: Spells you cast and wands you use may
                  | paralyse nearby enemies. [demonic ancestry]
 11225 | D:10     | Reached XP level 11. HP: 71/77 MP: 14/20
 11443 | D:10     | Identified the +6 chain mail of Hadjma {rF- Str+5 Slay+2}
 11614 | D:11     | Noticed Harold
 11696 | D:11     | Killed Harold
 11697 | D:11     | Reached skill level 10 in Short Blades
 11797 | D:11     | Noticed a two-headed ogre
 11802 | D:11     | Killed a two-headed ogre
 11803 | D:11     | Reached skill level 5 in Fighting
 11805 | D:11     | Noticed a skeletal warrior
 11807 | D:11     | Noticed a skeletal warrior
 11811 | D:11     | Noticed a skeletal warrior
 11903 | Lair:1   | Entered Level 1 of the Lair of Beasts
 11928 | Lair:1   | You pick up a book of Hexes and begin reading...
 11928 | Lair:1   | You add the spells Anguish, Cause Fear and Enfeeble to your
                  | library.
 12275 | Lair:1   | Noticed Nergalle
 12283 | Lair:1   | Killed Nergalle
 12284 | Lair:1   | Reached skill level 6 in Fighting
 12284 | Lair:1   | Reached skill level 11 in Short Blades
 12343 | Lair:1   | Reached **** piety under Dithmenos
 12409 | Lair:1   | Found a runed translucent door.
 12410 | Lair:1   | Identified the +0 trident of the Endless Expanse {freeze,
                  | rC- rN++ Int+8}
 12410 | Lair:1   | Noticed MrCrawl's ghost (journeyman DrFE)
 12806 | Lair:1   | Learned a level 4 spell: Cause Fear
 12960 | Lair:1   | Noticed Maggie
 12974 | Lair:1   | Killed Maggie
 13066 | Lair:1   | Noticed Grum
 13074 | Lair:1   | Killed Grum
 13075 | Lair:1   | Reached skill level 7 in Fighting
 13094 | Lair:1   | Reached skill level 12 in Short Blades
 13252 | Lair:1   | Learned a level 7 spell: Enfeeble
 13404 | Lair:2   | Gained mutation: Your demonic aura often causes spilled
                  | blood to erupt in flames. [demonic ancestry]
 13404 | Lair:2   | Reached XP level 12. HP: 60/91 MP: 18/21
 13408 | Lair:2   | Noticed an eight-headed hydra
 13651 | Lair:2   | Found a hole to the Spider Nest.
 13804 | Lair:2   | HP: 15/91 [eight-headed hydra (8)]
 13809 | Lair:2   | HP: 4/91 [eight-headed hydra (6)]
 13814 | Lair:2   | Slain by an eight-headed hydra

Vanquished Creatures
  Harold (D:11)
  2 two-headed ogres
  A death yak (D:9)
  Nergalle (Lair:1)
  A cane toad (Lair:1)
  Maggie (Lair:1)
  2 komodo dragons
  A meliai (Lair:2)
  A hornet (D:9)
  A troll (D:10)
  4 blink frogs (Lair:1)
  2 shadows
  31 yaks
  2 basilisks (Lair:1)
  Grum (Lair:1)
  A steam dragon (D:9)
  2 vampire mosquitoes (D:11)
  2 acid dragons
  2 black bears
  6 water moccasins
  A sky beast (D:6)
  3 ice beasts
  4 orc warriors
  3 ogres
  3 centaurs
  9 wolves
  A phantom (D:5)
  3 kobold brigands
  5 bullfrogs
  3 wights (D:9)
  8 killer bees
  3 howler monkeys
  An electric eel (D:10)
  4 hounds
  4 orc priests
  A gnoll bouda (D:4)
  7 iguanas
  4 orc wizards
  4 sleepcaps
  A hell rat (D:9)
  7 adders
  7 gnolls
  A shadow imp (D:6)
  2 white imps
  4 ufetubi
  2 worms
  2 dart slugs
  41 orcs
  8 ball pythons
  6 endoplasms
  3 giant cockroaches
  6 goblins
  6 hobgoblins
  5 jackals
  23 kobolds
  A quokka (D:1)
  3 bats
  2 frilled lizards
  5 rats
271 creatures vanquished.

Vanquished Creatures (others)
  An orc (D:9)
1 creature vanquished.

Grand Total: 272 creatures vanquished

Table legend:
 A = Non-vault XP
 B = Vault XP
 C = Vault XP percentage of total XP
 D = Non-vault monster count
 E = Vault monster count
 F = Vault count percentage of total count
                 A         B        C        D         E       F
            +---------+---------+-------+---------+---------+-------
      Total |   18602 |    4306 |  18.8 |     228 |      43 |  15.9
            +---------+---------+-------+---------+---------+-------
        D:1 |      42 |       0 |   0.0 |      24 |       0 |   0.0
        D:2 |      55 |       7 |  11.3 |      14 |       4 |  22.2
        D:3 |      29 |      14 |  32.6 |      10 |       2 |  16.7
        D:4 |     436 |       0 |   0.0 |      18 |       0 |   0.0
        D:5 |     679 |      43 |   6.0 |      17 |       1 |   5.6
        D:6 |    1195 |       0 |   0.0 |      23 |       0 |   0.0
        D:7 |     834 |       0 |   0.0 |      16 |       0 |   0.0
        D:8 |    1833 |       0 |   0.0 |      21 |       0 |   0.0
        D:9 |    2648 |    1317 |  33.2 |      20 |      27 |  57.4
       D:10 |    2742 |       0 |   0.0 |      26 |       0 |   0.0
       D:11 |    1289 |     860 |  40.0 |       5 |       1 |  16.7
     Lair:1 |    5289 |    1768 |  25.1 |      23 |       7 |  23.3
     Lair:2 |    1531 |     297 |  16.2 |      11 |       1 |   8.3
            +---------+---------+-------+---------+---------+-------

Skill      XL: |  1  2  3  4  5  6  7  8  9 10 11 |
---------------+----------------------------------+-----
Short Blades   | 1 2 3 4 5 7 9 12 | 12.4
Stealth        | 3 4 5 6 7 |  7.0
Shields        | 1 2 3 5 |  5.0
Ice Magic      | 1 2 3 |  3.0
Spellcasting   | 3 4 5 6 |  6.0
Hexes          | 4 5 6 7 |  7.0
Fighting       | 4 7 |  7.0
Dodging        | |  1.7

Action                     |  1- 3 |  4- 6 |  7- 9 | 10-12 || total
---------------------------+-------+-------+-------+-------++-------
  Melee: Dagger            |   130 |     5 |   222 |   219 ||   576
         Hand axe          |       |    85 |    65 |       ||   150
         Short sword       |       |       |       |   222 ||   222
   Cast: Ensorcelled Hiber |     7 |     6 |    46 |    75 ||   134
         Confusing Touch   |       |       |    12 |    10 ||    22
  Evoke: Wand              |       |       |     4 |     1 ||     5
    Use: Scroll            |     1 |     3 |     9 |    15 ||    28
         Potion            |       |       |       |     3 ||     3
   Stab: Sleeping          |    15 |    11 |    36 |    47 ||   109
         Paralysed         |     2 |     1 |    27 |    40 ||    70
         Confused          |       |       |    10 |     5 ||    15
         Invisible         |       |       |       |     6 ||     6
 Armour: Robe              |    51 |    52 |   136 |       ||   239
         Acid dragon scale |       |       |    16 |    87 ||   103
         Chain mail        |       |       |       |   139 ||   139
  Dodge: Dodged            |    70 |    59 |   127 |   114 ||   370
  Block: Buckler           |     8 |    20 |    84 |   162 ||   274
         Reflection        |       |       |       |     5 ||     5

Illustrated notes

Table legend:
 A = Kills in this place as a percentage of kills in the entire game.
 B = Kills by you in this place as a percentage of kills by you in the entire game.
 C = Kills by friends in this place as a percentage of kills by friends in the entire game.
 D = Other kills in this place as a percentage of other kills in the entire game.
 E = Experience gained in this place as a percentage of experience gained in the entire game.
 F = Experience gained in this place divided by the number of levels of this place that you have seen.
                   A       B       C       D       E      F
               +-------+-------+-------+-------+-------+----------------------
         Total | 100.0 | 100.0 |   N/A |   N/A | 100.0 | 1762.2
       Dungeon |  84.5 |  84.5 |   N/A |   N/A |  61.2 | 1274.8
          Lair |  15.5 |  15.5 |   N/A |   N/A |  38.8 | 4442.5
               +-------+-------+-------+-------+-------+----------------------

Table legend: (Time is in decaauts)
 A = Elapsed time spent in this place.
 B = Non-inter-level travel time spent in this place.
 C = Inter-level travel time spent in this place.
 D = Time resting spent in this place.
 E = Time spent auto-exploring this place.
 F = Levels seen in this place.
 G = Mean time per level.
                   A        B        C        D        E       F      G
               +--------+--------+--------+--------+--------+-----+--------+
         Total |  13592 |  13071 |    521 |   2483 |   8180 |  13 | 1045.5 |
       Dungeon |  11770 |  11331 |    439 |   2343 |   6896 |  11 | 1070.0 |
          Lair |   1821 |   1740 |     81 |    140 |   1284 |   2 |  910.5 |
               +--------+--------+--------+--------+--------+-----+--------+

Top non-repeatable levels by time:
     D:9: 2794 daAuts
  Lair:1: 1491 daAuts
     D:4: 1278 daAuts
     D:8: 1178 daAuts
     D:6: 1071 daAuts
    D:10: 1006 daAuts
     D:2: 916 daAuts
     D:1: 896 daAuts
     D:3: 809 daAuts
     D:7: 802 daAuts
     D:5: 792 daAuts
  Lair:2: 330 daAuts
    D:11: 223 daAuts
